 Dungeon Crawl Stone Soup version 0.29.1-15-g9cfb28693d (webtiles) character file.

Game seed: 6005784053787556017

584075 wingedge the Lord of Darkness (level 27, -3/248 HPs)
             Began as a Meteoran Wanderer on Mar 27, 2023.
             Was the Champion of Kikubaaqudgha.
             Blown up by Ahuegoomm the pandemonium lord (42 damage)
             ... with a bolt of energy
             ... on level 15 of a ziggurat on Mar 30, 2023.
             The game lasted 07:58:35 (26839 turns).

wingedge the Lord of Darkness (Meteoran Wanderer)  Turns: 26839, Time: 07:58:36

Health: -3/248     AC: 29    Str: 19    XL:     27
Magic:  9/49       EV: 25    Int: 36    God:    Kikubaaqudgha [******]
Gold:   3587       SH: 31    Dex: 33    Spells: 2/60 levels left

rFire   + + .      SeeInvis +   b - +4 rapier of Olont {vorpal, +Blink rElec Str+2 Int+8}
rCold   + + +      Faith    .   S - +6 tower shield {rN+}
rNeg    + + +      Spirit   .   E - +5 scale mail of Unreason {rC+ Regen+}
rPois   ∞          Reflect  .   n - +2 helmet "Bupluergh" {rN+}
rElec   +          Harm     .   z - scarf {repulsion}
rCorr   +          Rampage  .   r - +0 pair of gloves of Casoma {rF++ rC+ rCorr SInv}
Will    +++++                   y - +1 pair of boots of Reason {Will+ rCorr}
Stlth   +.........              D - amulet "Akhlyluyr" {rElec Regen+ Int+3 Dex+2}
HPRegen 2.11/turn               Q - ring "Biumpug" {rPois rN+ Dex+4 Slay+2}
MPRegen 0.31/turn               f - ring of Zuther {rC+ Will+ Str+4 Dex+5}

@: lich-form, death channelling, very slightly contaminated, glowing, repel
missiles, unable to drink
A: draining attack, torment immunity, no potions, sense surroundings 3,
otherworldly, glowing, explore regen, clever 1, high MP 1, inability to drink
after injury 1, MP-powered wands
}: 5/15 runes: serpentine, barnacled, slimy, silver, abyssal
a: End Transformation, Renounce Religion, Evoke Blink, Unearth Wretches, Torment


You were on level 15 of a ziggurat.
You worshipped Kikubaaqudgha.
Kikubaaqudgha was exalted by your worship.
You were an undead lich.
You visited 11 branches of the dungeon, and saw 49 of its levels.
You visited the Abyss 2 times.
You visited 1 bazaar.
You visited 1 ziggurat, and saw 15 of its levels.
You also visited: Gauntlet.

You collected 8824 gold pieces.
You spent 5237 gold pieces at shops.

Inventory:

Hand Weapons
 a - a +9 eveningstar of electrocution
 b - the +4 rapier of Olont (weapon) {vorpal, +Blink rElec Str+2 Int+8}
   (You found it in a Gauntlet)

   It inflicts extra damage upon your enemies.
   Str:       It affects your strength (+2).
   Int:       It affects your intelligence (+8).
   rElec:     It insulates you from electricity.
   +Blink:    It lets you blink.
 p - the +6 morningstar "Hoemeu" {speed, rPois}
   (You bought it in a shop on level 4 of the Dungeon)

   Attacks with this weapon are significantly faster.
   rPois:     It protects you from poison.
 A - the +7 mace of Irupsac {antimagic, rElec rCorr SInv}
   (You found it on level 12 of the Dungeon)

   It reduces the magical energy of the wielder, and disrupts the spells and
   magical abilities of those it strikes.
   Natural abilities and divine invocations are not affected.
   rElec:     It insulates you from electricity.
   SInv:      It lets you see invisible.
   rCorr:     It protects you from acid and corrosion.
 C - a +5 long sword of distortion
Armour
 i - the +0 pair of fencer's gloves {Riposte Dex+3}
   (You acquired it in a bazaar)

   It allows the wearer to riposte with melee weapons, swiftly retaliating
   against missed or blocked melee attacks.
   Dex:       It affects your dexterity (+3).
 n - the +2 helmet "Bupluergh" (worn) {rN+}
   (You found it on level 3 of the Elven Halls)

   rN:        It protects you from negative energy.
 r - the +0 pair of gloves of Casoma (worn) {rF++ rC+ rCorr SInv}
   (You acquired it on level 5 of the Vaults)

   rF:        It greatly protects you from fire.
   rC:        It protects you from cold.
   SInv:      It lets you see invisible.
   rCorr:     It protects you from acid and corrosion.
 x - a +2 cloak of poison resistance
 y - the +1 pair of boots of Reason (worn) {Will+ rCorr}
   (You found it on level 3 of the Shoals)

   rCorr:     It protects you from acid and corrosion.
   Will:      It increases your willpower.
 z - a scarf of repulsion (worn)
 E - the +5 scale mail of Unreason (worn) {rC+ Regen+}
   (You found it on level 8 of a ziggurat)

   rC:        It protects you from cold.
   Regen:     It increases your rate of health regeneration.
 O - the +2 leather armour of Ashenzari's Scorn {rElec rC+ Str+2}
   (You found it on level 1 of the Vaults)

   Str:       It affects your strength (+2).
   rC:        It protects you from cold.
   rElec:     It insulates you from electricity.
 S - a +6 tower shield of positive energy (worn)
 Y - the +3 troll leather armour of Ignis, Disbelieving {rElec Regen+}
   (You found it in a Gauntlet)

   rElec:     It insulates you from electricity.
   Regen:     It increases your rate of health regeneration.
Jewellery
 f - the ring of Zuther (right hand) {rC+ Will+ Str+4 Dex+5}
   (You found it on level 13 of a ziggurat)

   [ring of willpower]

   Str:       It affects your strength (+4).
   Dex:       It affects your dexterity (+5).
   rC:        It protects you from cold.
   Will:      It increases your willpower.
 m - the ring of Posuhi {Fly rPois rF+ rC+ Slay-3}
   (You bought it in a shop in a bazaar)

   [ring of flight]

   Slay:      It affects your accuracy & damage with ranged weapons and melee
   (-3).
   rF:        It protects you from fire.
   rC:        It protects you from cold.
   rPois:     It protects you from poison.
   Fly:       It grants you flight.
 D - the amulet "Akhlyluyr" (around neck) {rElec Regen+ Int+3 Dex+2}
   (You found it on level 3 of the Elven Halls)

   [amulet of regeneration]

   Int:       It affects your intelligence (+3).
   Dex:       It affects your dexterity (+2).
   rElec:     It insulates you from electricity.
   Regen:     It increases your rate of health regeneration.
 I - the amulet "Tauli" {Spirit rC+ Regen+}
   (You found it on level 4 of the Snake Pit)

   [amulet of guardian spirit]

   It causes incoming damage to be divided between your reserves of health and
   magic.
   rC:        It protects you from cold.
   Regen:     It increases your rate of health regeneration.
 J - the ring of the Riding Gods {rPois rF++ rN+ Str+2 Int-3}
   (You acquired it on level 1 of the Depths)

   [ring of positive energy]

   Str:       It affects your strength (+2).
   Int:       It affects your intelligence (-3).
   rF:        It greatly protects you from fire.
   rPois:     It protects you from poison.
   rN:        It protects you from negative energy.
 M - the ring "Ipais" {Will+ Dex+6 SInv}
   (You found it on level 2 of a ziggurat)

   [ring of dexterity]

   Dex:       It affects your dexterity (+6).
   SInv:      It lets you see invisible.
   Will:      It increases your willpower.
 N - the ring "Sutole" {rF+ rCorr Int+4 Dex+6 Stlth-}
   (You found it in a Gauntlet)

   [ring of dexterity]

   Int:       It affects your intelligence (+4).
   Dex:       It affects your dexterity (+6).
   rF:        It protects you from fire.
   rCorr:     It protects you from acid and corrosion.
   Stlth:     It makes you less stealthy.
 Q - the ring "Biumpug" (left hand) {rPois rN+ Dex+4 Slay+2}
   (You found it on level 12 of a ziggurat)

   [ring of positive energy]

   Dex:       It affects your dexterity (+4).
   Slay:      It affects your accuracy & damage with ranged weapons and melee
   (+2).
   rPois:     It protects you from poison.
   rN:        It protects you from negative energy.
 X - a ring of wizardry
 Z - an amulet of reflection
Wands
 d - a wand of digging (1)
Scrolls
 c - 10 scrolls of butterflies
 e - 2 scrolls of fear
 g - 4 scrolls of silence
 j - 8 scrolls of amnesia
 s - 2 scrolls of magic mapping
 t - 5 scrolls of enchant weapon
 G - 7 scrolls of torment
 H - 4 scrolls of summoning
 K - 13 scrolls of blinking
 T - 19 scrolls of teleportation
Potions
 k - 5 potions of resistance
 l - 19 potions of curing
 o - 12 potions of heal wounds
 q - 4 potions of ambrosia
 v - 3 potions of haste
 B - 4 potions of mutation
 F - 8 potions of might
 L - 4 potions of brilliance
 R - 3 potions of berserk rage
Miscellaneous
 h - a condenser vane (inert)
 u - a box of beasts
 V - a phantom mirror


   Skills:
 + Level 20.4 Fighting
 - Level 5.0 Short Blades
 - Level 15.7(16.0) Maces & Flails
 - Level 4.9(5.6) Polearms
 - Level 4.0(10.7) Staves
 + Level 15.9 Armour
 + Level 15.9 Dodging
 - Level 17.0 Shields
 - Level 2.4 Unarmed Combat
 - Level 17.0 Spellcasting
 - Level 12.0 Conjurations
 + Level 21.3 Necromancy
 - Level 7.0 Translocations
 - Level 18.0 Transmutations
 - Level 11.0 Ice Magic
 - Level 15.1 Earth Magic
 - Level 1.2 Invocations
 - Level 5.0 Evocations


You had 2 spell levels left.
You knew the following spells:

 Your Spells              Type           Power      Damage    Failure   Level
a - Death Channel         Necr           67%        N/A       1%          6
b - Vampiric Draining     Necr           100%       2d13      0%          3
c - Sublimation of Blood  Necr           100%       N/A       0%          2
d - Necromutation         Tmut/Necr      65%        N/A       14%         8
e - Dispel Undead         Necr           100%       3d31      0%          4
f - Passage of Golubria   Tloc           69%        N/A       3%          4
g - Borgnjor's Vile Clut  Necr/Erth      63%        N/A       1%          5
h - Lee's Rapid Deconstr  Erth           48%        3d24*     1%          5
i - Simulacrum            Ice/Necr       60%        N/A       1%          6
j - Apportation           Tloc           100%       N/A       1%          1
k - Infestation           Necr           67%        N/A       7%          8
l - Iron Shot             Conj/Erth      45%        9d9       4%          6

Your spell library contained the following spells:

 Spells                   Type           Power      Damage    Failure   Level
 Necrotise                Necr           100%       1d9       0%          1
 Sandblast                Erth           100%       2d20      0%          1
 Passwall                 Tmut/Erth      82%        N/A       0%          2
 Wereblood                Tmut           100%       N/A       0%          2
 Freeze                   Ice            100%       1d11      1%          1
 Magic Dart               Conj           100%       1d8       1%          1
 Sting                    Tmut/Pois      100%       1d8       1%          1
 Ensorcelled Hibernation  Hex/Ice        100%       N/A       1%          2
 Slow                     Hex            100%       N/A       7%          1
 Summon Small Mammal      Summ           100%       N/A       7%          1
 Call Imp                 Summ           30%        N/A       11%         2
 Poisonous Vapours        Pois/Air       60%        N/A       11%         2
 Animate Dead             Necr           100%       N/A       0%          4
 Dazzling Flash           Conj/Hex       100%       N/A       1%          3
 Frozen Ramparts          Ice            100%       1d16      1%          3
 Gell's Gravitas          Tloc           69%        N/A       1%          3
 Ignite Poison            Fire/Tmut/Pois 65%        N/A       1%          3
 Ozocubu's Armour         Ice            83%        N/A       1%          3
 Spider Form              Tmut/Pois      77%        N/A       1%          3
 Stone Arrow              Conj/Erth      100%       3d13      1%          3
 Teleport Other           Tloc           69%        N/A       1%          3
 Anguish                  Hex/Necr       51%        N/A       1%          4
 Hailstorm                Conj/Ice       85%        3d17      1%          4
 Ice Form                 Ice/Tmut       94%        N/A       1%          4
 Iskenderun's Mystic Bla  Conj/Tloc      78%        2d16      1%          4
 Agony                    Necr           100%       N/A       1%          5
 Blade Hands              Tmut           51%        N/A       1%          5
 Irradiate                Conj/Tmut      47%        3d27      1%          5
 Iskenderun's Battlesphe  Conj           86%        2d13      1%          5
 Statue Form              Tmut/Erth      66%        N/A       1%          6
 Animate Armour           Summ/Erth      100%       N/A       3%          4
 Corpse Rot               Necr/Pois/Air  89%        N/A       3%          4
 Dragon Form              Tmut           51%        N/A       3%          7
 Mephitic Cloud           Conj/Pois/Air  56%        N/A       4%          3
 Yara's Violent Unravell  Hex/Tmut       38%        3d15      4%          5
 Fulminant Prism          Conj/Hex       32%        3d16      6%          4
 Summon Ice Beast         Ice/Summ       63%        N/A       7%          4
 Borgnjor's Revivificati  Necr           67%        N/A       7%          8
 Freezing Cloud           Conj/Ice/Air   36%        6-21      9%          5
 Fireball                 Conj/Fire      32%        3d14      16%         5
 Lightning Bolt           Conj/Air       32%        1d50      16%         5
 Call Canine Familiar     Summ           30%        N/A       21%         3
 Confusing Touch          Hex            30%        N/A       21%         3
 Summon Guardian Golem    Hex/Summ       30%        N/A       21%         3
 Swiftness                Air            30%        N/A       21%         3
 Tukima's Dance           Hex            30%        N/A       21%         3
 Metabolic Englaciation   Hex/Ice        31%        N/A       21%         5
 Orb of Destruction       Conj           43%        9d12      38%         7
 Summon Forest            Summ/Tloc      27%        N/A       41%         5
 Dispersal                Tloc           34%        N/A       52%         6
 Ozocubu's Refrigeration  Ice            41%        4d16      54%         7
 Airstrike                Air            15%        2d(3-19)  56%         4
 Summon Lightning Spire   Summ/Air       30%        N/A       56%         4
 Haunt                    Necr/Summ      51%        N/A       58%         7
 Conjure Ball Lightning   Conj/Air       32%        3x3d10    65%         6
 Starburst                Conj/Fire      32%        6d10      65%         6
 Death's Door             Necr           67%        N/A       73%         9
 Storm Form               Tmut/Air       38%        N/A       82%         7
 Lehudib's Crystal Spear  Conj/Erth      45%        10d11     87%         8
 Silence                  Hex/Air        15%        N/A       88%         5
 Summon Mana Viper        Hex/Summ       30%        N/A       88%         5
 Spellforged Servitor     Conj/Summ      32%        N/A       99%         7
 Summon Cactus Giant      Summ           15%        N/A       100%        6
 Enfeeble                 Hex            15%        N/A       100%        7
 Malign Gateway           Summ/Tloc      27%        N/A       100%        7
 Summon Hydra             Summ           15%        N/A       100%        7
 Ignition                 Fire           15%        3d6       100%        8
 Maxwell's Capacitive Co  Air            15%        ∞         100%        8
 Summon Horrible Things   Summ           15%        N/A       100%        8
 Chain Lightning          Conj/Air       32%        3d43      100%        9
 Fire Storm               Conj/Fire      32%        8d8       100%        9
 Polar Vortex             Ice            41%        N/A       100%        9
 Shatter                  Erth           48%        3d37*     100%        9


Dungeon Overview and Level Annotations

Branches:
Dungeon (15/15) Zot: 432   Temple (1/1) D:6 Zot: 456    Lair (5/5) D:9 Zot: 159
 Shoals (4/4) Lair:3 Zot: 808   Snake (4/4) Lair:2 Zot: 22   Slime (5/5) Lair:5 Zot: 2104
    Orc (2/2) D:10 Zot: 24     Elf (3/3) Orc:2 Zot: 29  Vaults (5/5) D:14 Zot: 24
  Crypt (0/3) Vaults:2     Depths (4/4) D:15 Zot: 807    Hell (visited)
    Coc (0/7) Hell        Gauntlet (visited)
    Dis: Hell:1         Geh: Hell:1         Tar: Hell:1         Zot: Depths:4

Altars:
Ashenzari
Cheibriados
Dithmenos
Elyvilon
Fedhas
Gozag
Hepliaklqana
Kikubaaqudgha
Makhleb
Nemelex Xobeh
Okawaru
Qazlal
Ru
Sif Muna
Trog
Uskayaw
Vehumet
Wu Jian
Xom
Yredelemnul
Zin
The Shining One
Jiyva

Shops:
D:4 (   D:7 *   D:8 *   Orc:1 ([   Orc:2 :=*[(   Shoals:4 [   Snake:3 (
Vaults:3 (   Vaults:5 (!![?:!?   Depths:2 ?

Portals:
Hell: Depths:1 Depths:2 Depths:3
Pandemonium: Depths:2
Trove: Vaults:1 (give 2 scrolls of acquirement)


Innate Abilities, Weirdness & Mutations

You are an undead lich.
Your unarmed attacks are suffused with negative energy.
You are immune to unholy pain and torment.
Your necromantic spells are more powerful.
You cannot drink.
You are immune to poison.
You passively map a large area around you.
You are easily found by Zot.
You glow in the dark.
You regain HP and MP as you explore.
Your mind is acute. (Int +4, Str/Dex -1)
You have an increased reservoir of magic. (+10% MP)
You occasionally lose the ability to drink potions when taking damage.
You expend magic power (3 MP) to strengthen your wands.


Message History

The cacodemon hits your spectral balrug! x2
The demonspawn black sun is poisoned.
Your spectral deep troll earth mage closely misses the demonspawn warmonger.
Your spectral deep troll earth mage claws the demonspawn warmonger but does no damage. x2
Aiming: Phantom Mirror
Press: ? - help, Dir - move target, f - demonspawn warmonger
Aim: a demonspawn warmonger, wielding a +0 great sword of electrocution and wearing a +0 plate armour of willpower (poison gas, heavily wounded, absorbing vital energies, not watching you, infested, very poisoned, lightly drained, ally target) Nothing appears to happen.
Your spectral balrug hits the Hell Sentinel but does no damage.
The large abomination hits your spectral balrug!!
Your stone giant simulacrum hits the demonspawn warmonger.
Your stone giant simulacrum freezes the demonspawn warmonger!
The hellion gestures at you.
The sphere of damnation explodes!
The damnation engulfs you!!
You feel threatened and lose the ability to drink potions!
* * * LOW HITPOINT WARNING * * *
The demonspawn black sun is engulfed in poison gas.
The demonspawn black sun looks even sicker.
The demonspawn warmonger is engulfed in poison gas.
The demonspawn warmonger looks even sicker.
The demonspawn warmonger hits your spectral deep troll earth mage with a +0 great sword of electrocution!!
The demonspawn warmonger claws your spectral deep troll earth mage.
The demonspawn warmonger gores your spectral deep troll earth mage but does no damage.
The demonspawn black sun is engulfed in poison gas.
The demonspawn black sun looks even sicker.
Your spectral deep troll earth mage bites the demonspawn warmonger but does no damage.
Your spectral deep troll earth mage claws the demonspawn warmonger. x2
Your spectral deep troll earth mage drains the demonspawn warmonger.
You hear a loud, deep croak!
Press: ? - help, v - describe, . - travel
Here: Ahuegoomm (freezing vapour, lightly wounded, absorbing vital energies)
The floor.
Blink to where?
Press: ? - help, Dir - move target, p - demonspawn warmonger
As you read the scroll of blinking, it crumbles to dust.
Ahuegoomm is engulfed in freezing vapours.
Ahuegoomm gestures at you. The bolt of energy hits you!!!
You die...
Kikubaaqudgha rasps: "You have failed me!
Welcome... oblivion!"

*▓▓▓▓▓▓ * ** ▓......
▓▓......., ,,,,
▓▓........ ,*
▓▓.L........ , *
▓▓........2§......
▓▓..........§......
,
▓.∩.......2§§......,
,
▓▓........2§§...6..,
▓▓....○§§6§6.5....,
▓▓..°○§6221D..X..,
▓▓§.&1○ZX1)3D.s.
▓▓○.☼ZZ62s5.2.. *


You could see Ahuegoomm (black mark), a Hell Sentinel (black mark, infested,
ally target), 2 Brimstone Fiends, 2 cacodemons, a demonspawn corrupter (black
mark), 2 demonspawn black suns, a green death (black mark), a blizzard demon
(black mark), a shadow demon (black mark), a large abomination (black mark) and
a friendly spectral balrug (weak).

Vanquished Creatures
  the Royal Jelly (Slime:5)
  2 dread liches
  2 ancient liches
  2 juggernauts
  Bai Suzhen (Shoals:4)
  3 golden dragons
  Geryon (Hell)
  5 tentacled monstrosities
  A deep elf blademaster (Elf:3)
  3 liches
  3 deep elf master archers
  3 sphinxes
  An ancient champion (Zig:6)
  A titan (Vaults:3)
  Polyphemus (Shoals:4)
  Murray (Hell)
  8 acid blobs
  A tentacled starspawn (Abyss:4)
  3 shadow dragons (Vaults:5)
  An Executioner (Zig:15)
  2 storm dragons (Vaults:5)
  2 tengu reavers (Vaults:5)
  Kirke (Shoals:1)
  Roxanne (Snake:1)
  14 rockslimes
  A revenant (Zig:6)
  3 azure jellies (Slime:5)
  6 nagarajas
  3 spectral caustic shrikes (Depths:2)
  A cacodemon (Hell)
  Aizul (Shoals:2)
  A ghost moth (Zig:10)
  2 iron dragons (Vaults:5)
  5 fire giants
  5 deep elf sorcerers
  5 vault wardens
  8 frost giants
  3 orc warlords
  An angel (Abyss:4)
  Louise (Elf:2)
  A balrug (Hell)
  3 deep elf elementalists (Elf:3)
  A draconian annihilator (Zig:8)
  6 war gargoyles
  10 ironbound preservers
  6 stone giants
  A demonspawn blood saint (Zig:10)
  2 very ugly things (Vaults:5)
  3 reapers
  A spriggan defender (Depths:3)
  4 ironbound thunderhulks
  5 quicksilver oozes
  An eleionoma (Zig:11)
  5 deep elf annihilators
  4 deep elf demonologists
  A lorocyproca (Depths:2)
  A green draconian (Zig:9)
  2 entropy weavers
  A purple draconian (Zig:9)
  A minotaur (D:13)
  5 spark wasps
  A merfolk javelineer (Shoals:4)
  A yellow draconian (Zig:9)
  4 crystal guardians
  6 ettins
  3 blizzard demons (Hell)
  A jiangshi (Depths:3)
  An eidolon (Zig:6)
  3 fire dragons
  3 deep elf death magi (Elf:3)
  5 great orbs of eyes
  2 yaktaur captains (Vaults:5)
  2 merfolk impalers
  Harold (D:10)
  14 vault guards
  A hell beast (Gauntlet)
  4 ice dragons
  3 deep elf high priests
  4 hydras
  The ghost of Usiwniyce the Arsonist, a journeyman DrFE of Vehumet (Lair:3)
  5 boulder beetles
  3 ironbound frosthearts
  2 merfolk avatars
  9 anacondas
  4 peacekeepers
  2 salamander tyrants (Snake:4)
  2 spriggan air magi
  An alligator (Zig:11)
  12 naga warriors
  4 centaur warriors
  3 ogre magi (Vaults:5)
  25 dancing weapons
  6 two-headed ogres
  3 hell hogs (Hell)
  A satyr (Shoals:4)
  A merfolk aquamancer (Shoals:2)
  3 deep troll shamans
  A deep troll earth mage (Vaults:2)
  5 death yaks
  4 thrashing horrors
  A vampire mage (Zig:6)
  2 orc high priests
  7 naga sharpshooters
  4 shock serpents
  6 large abominations
  4 sun demons
  15 deep elf knights
  3 hell knights
  Amaemon (D:10)
  Urug (Lair:1)
  2 soul eaters (Hell)
  2 spatial maelstroms (Abyss:4)
  A shadow wraith (Zig:6)
  A pharaoh ant (Zig:4)
  2 iron trolls
  2 salamander mystics (Snake:4)
  5 sea snakes
  3 flayed ghosts
  4 skeletal warriors (D:15)
  A shadow demon (Zig:3)
  10 deep elf archers
  6 glowing orange brains
  A tengu zombie (Vaults:3)
  A bog body (Zig:11)
  21 deep trolls
  An orb spider (Zig:4)
  A spriggan druid (Zig:11)
  6 orange crystal statues
  3 naga ritualists (Snake:4)
  7 ironbound convokers
  2 starcursed masses (Abyss:4)
  23 deep elf zephyrmancers
  2 harpies
  8 necromancers
  4 phantasmal warriors
  3 wizards
  13 orc knights
  4 mana vipers
  28 deep elf pyromancers
  4 orc sorcerers
  14 ugly things
  2 fauns (Shoals:2)
  7 shining eyes
  A mana viper (shapeshifter) (D:10)
  10 salamanders
  2 cyclopes
  3 moths of wrath
  10 manticores
  11 elephants
  6 merfolk sirens
  21 black mambas
  3 vault sentinels
  16 naga magi
  An apocalypse crab (Abyss:4)
  An ice statue (Zig:8)
  A frost giant skeleton (Vaults:3)
  4 cane toads
  An elf zombie (Elf:1)
  4 water nymphs
  2 human skeletons
  3 guardian serpents (Snake:4)
  2 eyes of devastation
  4 smoke demons (Hell)
  A molten gargoyle (Hell)
  A demonic crawler (Hell)
  2 gargoyles (D:13)
  8 yaktaurs
  A hellion (Depths:1)
  An efreet (D:15)
  9 komodo dragons
  A sea snake zombie (Hell)
  3 tengu conjurers
  An anaconda simulacrum (Hell)
  4 ancient zymes
  A freezing wraith (D:15)
  A harpy zombie (Abyss:4)
  3 wind drakes (Shoals:1)
  3 hornets
  2 polar bears
  A queen bee (shapeshifter) (D:14)
  5 trolls
  23 slime creatures
  8 dream sheep
  8 merfolk
  A raiju (shapeshifter) (Depths:3)
  10 blink frogs
  4 raiju (Abyss:4)
  A jumping spider (shapeshifter) (D:15)
  5 snapping turtles
  2 harpy skeletons
  4 ynoxinuls
  4 shadows
  3 wraiths
  A vampire (D:14)
  14 water elementals
  3 air elementals
  An ettin skeleton (Vaults:3)
  3 spriggans
  23 yaks
  5 wyverns
  3 chaos spawn
  2 fire elementals
  A golden eye (Slime:2)
  3 slime creature zombies (Slime:5)
  3 basilisks
  2 hogs (Shoals:1)
  A redback (Vaults:1)
  9 vampire mosquitoes
  5 neqoxecs
  A redback (shapeshifter) (Vaults:5)
  A steam dragon (D:10)
  26 nagas
  7 wargs
  10 water moccasins
  A glowing shapeshifter zombie (Vaults:3)
  2 acid dragons
  2 floating eyes (shapeshifter)
  2 hell hounds (Gauntlet)
  A floating eye (Depths:3)
  38 orc warriors
  3 black bears
  An ice beast (D:7)
  A sky beast (D:8)
  14 wolves
  8 ogres
  3 boggarts (Vaults:2)
  3 human zombies
  10 centaurs
  A kobold brigand (D:11)
  4 phantoms
  An earth elemental (Elf:1)
  6 bullfrogs
  A necrophage (D:6)
  A gnoll sergeant (D:9)
  2 scorpions
  4 wights (D:8)
  10 small abominations
  9 killer bees
  An electric eel (Elf:3)
  2 vampire bats (Lair:3)
  2 hounds (D:7)
  3 jellies
  9 orc priests
  3 iron imps (Gauntlet)
  Natasha (twice) (D:3)
  5 iguanas
  15 orc wizards
  2 ogre zombies (D:10)
  7 gnolls
  4 adders
  A shadow imp (D:7)
  2 white imps (D:5)
  A worm (D:3)
  3 dart slugs
  51 orcs
  7 endoplasms
  3 giant cockroaches
  9 goblins
  5 jackals
  5 quokkas
  2 ball pythons
  7 bats
  5 frilled lizards
  A goblin zombie (D:10)
  A hobgoblin skeleton (D:10)
  2 hobgoblin zombies (D:10)
  6 kobolds
  An orc skeleton (D:10)
  9 orc zombies (D:10)
  7 rats
  A lurking horror (Abyss:4)
  3 starspawn tentacles (Abyss:4)
  2 tentacles
1236 creatures vanquished.

Vanquished Creatures (collateral kills)
  Mara (Shoals:4)
  3 juggernauts
  Saint Roka (Vaults:1)
  A bone dragon (Abyss:4)
  A tentacled monstrosity (Vaults:5)
  2 liches
  A deep elf blademaster (Elf:3)
  A deep elf master archer (Elf:3)
  2 krakens
  An Executioner (Zig:15)
  A tentacled starspawn (Abyss:4)
  9 acid blobs
  2 storm dragons
  3 tengu reavers
  3 rockslimes
  4 shadow dragons (Vaults:5)
  A fenstrider witch (Zig:11)
  3 azure jellies (Slime:5)
  Ilsuiw (Shoals:4)
  8 nagarajas
  4 fire giants
  8 vault wardens
  2 orc warlords (Zig:14)
  A balrug (Zig:15)
  3 draconian scorchers
  2 deep elf elementalists (Elf:3)
  A deep elf sorcerer (Zig:8)
  A draconian shifter (Zig:9)
  A spriggan defender (Depths:3)
  2 draconian stormcallers (Zig:9)
  A draconian annihilator (Zig:10)
  3 very ugly things
  2 war gargoyles
  8 ironbound preservers
  3 ironbound thunderhulks
  2 quicksilver oozes
  3 reapers (Hell)
  A starcursed mass (Abyss:4)
  9 stone giants
  A dire elephant (Vaults:3)
  A red draconian (Zig:9)
  A black draconian (Zig:9)
  A bunyip (Zig:11)
  4 deep elf demonologists
  A minotaur (Gauntlet)
  A white draconian (Zig:9)
  An entropy weaver (Vaults:1)
  5 spark wasps
  2 deep elf annihilators (Elf:3)
  7 ettins
  2 blizzard demons (Hell)
  2 green deaths
  2 deep elf death magi
  7 merfolk impalers
  A jiangshi (Depths:3)
  A rakshasa (Depths:3)
  21 vault guards
  6 yaktaur captains
  2 deep elf high priests (Zig:13)
  2 great orbs of eyes
  3 merfolk avatars
  6 ice dragons
  An ogre mage (D:15)
  The ghost of roguespy the Cleaver, a journeyman DsHu of Ashenzari (D:13)
  2 salamander tyrants (Zig:12)
  A catoblepas (Shoals:4)
  An anaconda (Snake:2)
  3 ironbound frosthearts
  A boulder beetle (Vaults:3)
  3 two-headed ogres
  5 hydras
  3 centaur warriors
  3 spriggan air magi
  12 dancing weapons
  2 merfolk aquamancers (Shoals:4)
  2 death yaks (Shoals:4)
  A deep troll shaman (Depths:2)
  10 naga warriors
  A satyr (Shoals:2)
  A tengu warrior (Depths:1)
  3 vampire magi
  2 deep troll earth magi
  4 spriggan berserkers
  3 hell hogs (Hell)
  An orc high priest (Zig:14)
  7 naga sharpshooters
  A shock serpent (Snake:4)
  16 sun demons
  3 soul eaters (Hell)
  11 hell knights
  3 thrashing horrors
  4 deep elf knights
  A titan skeleton (Hell)
  5 iron trolls
  3 salamander mystics
  A spatial maelstrom (Abyss:4)
  A spriggan rider (Depths:3)
  A flayed ghost (Vaults:5)
  2 anaconda zombies (Hell)
  8 sea snakes
  A swamp dragon (Zig:11)
  A naga ritualist (Snake:4)
  3 deep elf archers
  23 deep trolls
  An ironbound convoker (Vaults:5)
  3 wizards
  2 large abominations
  2 phantasmal warriors (Vaults:5)
  5 necromancers
  13 harpies
  3 orc knights
  A mana viper (Zig:12)
  14 deep elf pyromancers
  10 deep elf zephyrmancers
  4 orc sorcerers
  3 human zombies
  2 will-o-the-wisps (Zig:11)
  8 manticores
  A salamander (shapeshifter) (Elf:3)
  An oklob plant (Lair:5)
  10 ugly things
  2 tengu skeletons (Vaults:3)
  A moth of wrath (Zig:14)
  A cyclops (D:14)
  5 fauns
  4 merfolk sirens
  3 salamanders
  A faun (shapeshifter) (Vaults:5)
  4 elephants (Lair:5)
  A rust devil (Depths:2)
  2 dire elephant zombies (Hell)
  5 smoke demons (Hell)
  13 black mambas
  10 naga magi
  6 vault sentinels
  4 eyes of devastation
  6 water nymphs
  A molten gargoyle (Hell)
  5 guardian serpents
  An apocalypse crab (Abyss:4)
  A cane toad (Lair:2)
  2 orange demons (Hell)
  A rime drake (Lair:5)
  A naga skeleton (Hell)
  An efreet (D:15)
  A torpor snail (shapeshifter) (Lair:5)
  A hellion (Depths:1)
  2 komodo dragons
  7 yaktaurs
  A dire elephant skeleton (Hell)
  An alligator snapping turtle skeleton (Hell)
  2 freezing wraiths
  A tengu conjurer (Depths:1)
  2 guardian mummies (Vaults:1)
  4 wind drakes
  A wolf spider simulacrum (D:15)
  A meliai (D:13)
  18 merfolk
  A polar bear (Lair:4)
  2 hornets (Depths:3)
  7 trolls
  4 blink frogs
  A raiju (Abyss:4)
  2 snapping turtles (Shoals:4)
  4 dream sheep
  44 slime creatures
  2 alligator skeletons (Hell)
  An alligator zombie (Hell)
  16 water elementals
  3 spriggans
  A shadow (D:10)
  8 yaks
  A fire elemental (Elf:2)
  A hog (Shoals:1)
  A slime creature zombie (Slime:1)
  2 redbacks (Vaults:1)
  A fire bat (Abyss:4)
  5 golden eyes
  2 chaos spawn (Depths:2)
  A sea snake simulacrum (Hell)
  2 vampire mosquitoes (D:15)
  A neqoxec (Abyss:4)
  20 nagas
  6 wargs
  A glowing shapeshifter zombie (Vaults:3)
  4 spatial vortices (Abyss:4)
  4 water moccasins
  A hydra simulacrum (Hell)
  A black bear (Lair:4)
  25 orc warriors
  A wolf (Lair:1)
  4 ogres
  2 centaurs
  A phantom (D:10)
  An earth elemental (Elf:3)
  3 small abominations
  An electric eel (Elf:3)
  A jelly (Lair:3)
  A gnoll bouda (Orc:1)
  7 orc wizards
  4 ogre zombies (D:10)
  An ufetubus (Abyss:4)
  23 orcs
  3 bats (Lair:3)
  2 hobgoblin zombies (D:10)
  3 orc zombies (D:10)
  5 plants
  3 tentacles (Shoals:3)
794 creatures vanquished.

Vanquished Creatures (others)
  A shard shrike skeleton (Hell)
  A fire giant (Zig:15)
  A deep elf elementalist (Elf:3)
  An entropy weaver (Gauntlet)
  3 acid blob zombies
  A centaur warrior (Vaults:3)
  A merfolk aquamancer (Zig:10)
  2 deep troll earth magi (Zig:15)
  A deep elf knight (Elf:1)
  2 quicksilver ooze zombies
  5 anaconda zombies
  A necromancer (Hell)
  A deep elf pyromancer (Elf:1)
  A hell hog zombie (Hell)
  A deep elf zephyrmancer (Elf:1)
  A manticore (Shoals:4)
  A merfolk siren (Gauntlet)
  A shock serpent zombie (Snake:4)
  An eye of devastation (Depths:1)
  A naga mage (Snake:4)
  A cane toad (Gauntlet)
  An orange demon (D:10)
  A freezing wraith (Vaults:5)
  A sea snake zombie (Shoals:1)
  A harpy zombie (Shoals:4)
  2 mana viper zombies
  A tyrant leech (Gauntlet)
  An ettin zombie (Vaults:5)
  A guardian serpent zombie (Snake:4)
  2 merfolk zombies (Shoals:4)
  3 black mamba zombies (Snake:4)
  13 slime creature zombies
  A fire elemental (Elf:1)
  25 human zombies
  A two-headed ogre zombie (D:15)
  An orc warrior (D:12)
  16 elf zombies
  2 manticore zombies
  3 blink frog zombies (Lair:5)
  19 naga zombies
  3 elephant zombies
  4 vampire mosquito zombies (D:15)
  5 salamander zombies
  A komodo dragon zombie (Lair:5)
  2 wyvern zombies
  A water moccasin zombie (Lair:2)
  A polar bear zombie (Lair:4)
  A spriggan zombie (Lair:5)
  2 warg zombies (Orc:1)
  3 yak zombies
  A black bear zombie (Lair:4)
  An orc wizard (D:12)
  2 killer bee zombies (D:10)
  2 ogre zombies
  An acid dragon zombie (D:10)
  34 orc zombies
  5 bat zombies (Lair:3)
  24 foxfires (Zig:11)
  12 fungi
  A lurking horror (Abyss:4)
  79 plants
  11 starspawn tentacles (Abyss:4)
  3 tentacles (Shoals:2)
  5 toadstools (D:1)
328 creatures vanquished.

Grand Total: 2358 creatures vanquished

Notes
Turn   | Place    | Note
-------+----------+-------------------------------------------
     0 | D:1      | wingedge the Meteoran Wanderer began the quest for the Orb.
     0 | D:1      | wingedge set off with the following items: a +3
                  | quarterstaff, a scroll of teleportation, a scroll of
                  | butterflies, a +0 leather armour.
     0 | D:1      | Reached XP level 1. HP: 17/17 MP: 2/2
    33 | D:1      | Reached XP level 2. HP: 12/25 MP: 3/3
   156 | D:1      | Found a faded altar of an unknown god.
   237 | D:1      | Reached XP level 3. HP: 25/31 MP: 4/4
   309 | D:1      | Reached skill level 1 in Spellcasting
   591 | D:2      | You fall into a shaft and drop 1 floor!
   602 | D:3      | Found a stormy altar of Qazlal.
   632 | D:3      | Reached XP level 4. HP: 36/40 MP: 3/6
   632 | D:3      | Noticed Natasha
   635 | D:3      | Killed Natasha
   971 | D:3      | Noticed Natasha
   994 | D:3      | Killed Natasha
   995 | D:3      | Reached XP level 5. HP: 10/47 MP: 0/8
  1593 | D:4      | Reached skill level 5 in Fighting
  1663 | D:4      | Reached skill level 1 in Polearms
  1728 | D:4      | Found Wiyluk's Weapon Shoppe.
  1772 | D:5      | Entered Level 5 of the Dungeon
  1788 | D:5      | Reached XP level 6. HP: 50/56 MP: 10/10
  1797 | D:5      | Found an ancient bone altar of Kikubaaqudgha.
  1806 | D:5      | Became a worshipper of Kikubaaqudgha
  2061 | D:5      | Reached skill level 1 in Necromancy
  2061 | D:5      | Reached XP level 7. HP: 40/61 MP: 11/11
  2110 | D:5      | Reached skill level 2 in Necromancy
  2132 | D:5      | Identified the +10 dagger "Puaptin" {vorpal, rC+ Int+3}
  2236 | D:5      | Learned a level 1 spell: Necrotise
  2240 | D:5      | Learned a level 3 spell: Vampiric Draining
  2431 | D:6      | Found a white marble altar of Elyvilon.
  2432 | D:6      | Found a snail-covered altar of Cheibriados.
  2432 | D:6      | Found a bloodstained altar of Trog.
  2454 | D:6      | Found a sparkling altar of Nemelex Xobeh.
  2576 | D:6      | Reached skill level 1 in Short Blades
  2576 | D:6      | Reached skill level 1 in Shields
  2677 | D:6      | Reached XP level 8. HP: 57/68 MP: 10/13
  2715 | D:6      | Found a staircase to the Ecumenical Temple.
  2724 | Temple   | Entered the Ecumenical Temple
  2941 | D:7      | Noticed a wyvern
  2941 | D:7      | Noticed a troll
  2941 | D:7      | Found Zin's Purification Station.
  2949 | D:7      | Killed a wyvern
  2950 | D:7      | Reached skill level 3 in Necromancy
  3026 | D:7      | Reached skill level 4 in Necromancy
  3109 | D:7      | Reached skill level 5 in Short Blades
  3109 | D:7      | Gained mutation: You passively map the area around you.
                  | [Meteoran growth]
  3109 | D:7      | Reached XP level 9. HP: 46/74 MP: 7/14
  3192 | D:7      | Reached * piety under Kikubaaqudgha
  3192 | D:7      | Received a gift from Kikubaaqudgha
  3196 | D:7      | Learned a level 2 spell: Sublimation of Blood
  3201 | D:7      | Learned a level 4 spell: Animate Dead
  3230 | D:7      | Found a glowing silver altar of Zin.
  3721 | D:8      | Reached skill level 5 in Shields
  3844 | D:8      | Reached skill level 5 in Necromancy
  3970 | D:8      | Reached XP level 10. HP: 64/84 MP: 12/17
  3987 | D:8      | Found Ittulas's Fire Supplies.
  4014 | D:8      | Reached skill level 6 in Necromancy
  4321 | D:9      | Reached ** piety under Kikubaaqudgha
  4419 | D:9      | Found a staircase to the Lair.
  4438 | D:9      | Found a shimmering altar of Xom.
  4438 | D:9      | Found an iron altar of Okawaru.
  4482 | D:10     | Entered Level 10 of the Dungeon
  4544 | D:10     | Found a shimmering blue altar of Sif Muna.
  4603 | D:10     | Noticed a komodo dragon
  4610 | D:10     | Noticed a mana viper
  4610 | D:10     | a komodo dragon changed into a mana viper
  4620 | D:10     | Killed a mana viper
  4621 | D:10     | Reached skill level 5 in Spellcasting
  4656 | D:10     | Found a staircase to the Orcish Mines.
  4895 | D:10     | Noticed a two-headed ogre
  4902 | D:10     | Reached skill level 7 in Necromancy
  4923 | D:10     | Reached skill level 5 in Armour
  5084 | D:10     | Reached XP level 11. HP: 73/94 MP: 9/20
  5108 | D:10     | Reached *** piety under Kikubaaqudgha
  5108 | D:10     | Received a gift from Kikubaaqudgha
  5147 | D:10     | Found a hide-covered altar of Uskayaw.
  5161 | D:10     | Learned a level 4 spell: Dispel Undead
  5240 | D:10     | Noticed Amaemon
  5241 | D:10     | Noticed Harold
  5265 | D:10     | Killed Amaemon
  5266 | D:10     | Reached skill level 1 in Earth Magic
  5273 | D:10     | Killed Harold
  5274 | D:10     | Reached skill level 8 in Necromancy
  5336 | D:11     | Identified the +3 flail "Ciangeq" {elec, rElec rN+ Will++
                  | Int-3}
  5375 | D:11     | Reached skill level 1 in Maces & Flails
  5579 | D:11     | Learned a level 3 spell: Stone Arrow
  5825 | D:12     | Noticed a manticore
  5837 | D:12     | Killed a manticore
  5897 | D:12     | Noticed a two-headed ogre
  5906 | D:12     | Killed a two-headed ogre
  5907 | D:12     | Reached skill level 1 in Conjurations
  6099 | D:12     | Noticed a seven-headed hydra
  6108 | D:12     | Killed a seven-headed hydra
  6177 | D:12     | Found a runed translucent door.
  6180 | D:12     | Noticed an orange crystal statue
  6186 | D:12     | Noticed a crystal guardian
  6186 | D:12     | Noticed a crystal guardian
  6193 | D:12     | Noticed a cyclops
  6353 | D:4      | Bought the +6 morningstar "Hoemeu" {speed, rPois} for 691
                  | gold pieces
  6482 | Lair:1   | Entered Level 1 of the Lair of Beasts
  6667 | Lair:1   | Reached XP level 12. HP: 96/104 MP: 16/23
  6900 | Lair:1   | Reached skill level 9 in Necromancy
  6973 | Lair:1   | Reached skill level 5 in Maces & Flails
  6974 | Lair:1   | Noticed Urug
  6984 | Lair:1   | Glimpsed the power of Zot.
  6985 | Lair:1   | Killed Urug
  7283 | Lair:2   | Reached skill level 5 in Earth Magic
  7590 | Lair:2   | Glimpsed the power of Zot.
  7604 | Lair:2   | Reached skill level 10 in Necromancy
  7608 | Lair:2   | Reached **** piety under Kikubaaqudgha
  7618 | Lair:2   | Reached skill level 10 in Fighting
  7624 | Lair:2   | Reached XP level 13. HP: 100/113 MP: 24/24
  7624 | Lair:2   | Found a staircase to the Snake Pit.
  7643 | Lair:2   | Glimpsed the power of Zot.
  7654 | Lair:2   | Reached skill level 10 in Shields
  7699 | Lair:3   | Learned a level 5 spell: Borgnjor's Vile Clutch
  7717 | Lair:3   | Identified the +0 ring mail "Sidueguu" {Drain Dex+6 Slay+2
                  | Stlth+}
  7747 | Lair:3   | Found a staircase to the Shoals.
  7762 | Lair:3   | Reached skill level 5 in Conjurations
  7769 | Lair:3   | Reached skill level 1 in Dodging
  7897 | Lair:3   | You fall into a shaft and drop 2 floors!
  7897 | Lair:5   | Entered Level 5 of the Lair of Beasts
  8119 | Lair:5   | Reached ***** piety under Kikubaaqudgha
  8123 | Lair:5   | Reached skill level 5 in Dodging
  8323 | Lair:5   | Learned a level 5 spell: Lee's Rapid Deconstruction
  8361 | Lair:5   | Reached XP level 14. HP: 124/124 MP: 13/27
  8547 | Lair:5   | Found a staircase to the Slime Pits.
  8793 | Lair:5   | Reached skill level 10 in Earth Magic
  8833 | Lair:5   | Glimpsed the power of Zot.
  9153 | Lair:4   | Reached skill level 11 in Necromancy
  9270 | Lair:3   | Found a runed translucent gate.
  9284 | Lair:3   | Found a runed translucent gate.
  9286 | Lair:3   | Found a runed translucent gate.
  9288 | Lair:3   | Noticed Usiwniyce's ghost (journeyman DrFE)
  9289 | Lair:3   | Found a viscous altar of Jiyva.
  9316 | Lair:3   | Killed Usiwniyce's ghost
  9377 | Lair:3   | Reached XP level 15. HP: 132/132 MP: 16/28
  9443 | Lair:1   | Glimpsed the power of Zot.
  9504 | Orc:1    | Entered Level 1 of the Orcish Mines
  9506 | Orc:1    | Found Pufeom's Antique Weapon Shoppe.
  9530 | Orc:1    | Found a runed translucent door.
  9562 | Orc:1    | Reached ****** piety under Kikubaaqudgha
  9727 | Orc:1    | Found Roall's Antique Armour Shop.
  9740 | Orc:1    | Bought a runed cloak for 225 gold pieces
  9883 | Orc:1    | Learned a level 6 spell: Death Channel
  9970 | Orc:2    | Entered Level 2 of the Orcish Mines
  9970 | Orc:2    | Found a staircase to the Elven Halls.
 10043 | Orc:2    | Found a gate leading to a gauntlet.
 10061 | Gauntlet | Entered a Gauntlet
 10061 | Gauntlet | Found a transporter.
 10061 | Gauntlet | Found a transporter.
 10061 | Gauntlet | Found a runed translucent door.
 10070 | Gauntlet | Found a transporter.
 10072 | Gauntlet | Found a runed translucent door.
 10073 | Gauntlet | Found a transporter.
 10074 | Gauntlet | Found a transporter.
 10074 | Gauntlet | Found a transporter.
 10115 | Gauntlet | Found a transporter.
 10115 | Gauntlet | Found a transporter.
 10128 | Gauntlet | Reached skill level 12 in Necromancy
 10129 | Gauntlet | Found a transporter.
 10129 | Gauntlet | Found a transporter.
 10146 | Gauntlet | Found a runed translucent door.
 10149 | Gauntlet | Found a transporter.
 10150 | Gauntlet | Found a transporter.
 10181 | Gauntlet | Identified the +2 sling "Jaurogh" {freeze, rElec Dex+2}
 10183 | Gauntlet | Identified the ring "Sutole" {rF+ rCorr Int+4 Dex+6 Stlth-}
 10217 | Gauntlet | Identified the +7 war axe "Fidecw" {holy, rC+ Dex+3}
 10217 | Gauntlet | Identified the +1 plate armour "Meal" {rPois rN+ Int+5}
 10231 | Gauntlet | Got the Dissertation on Boreal Permutations
 10234 | Gauntlet | Identified the +0 robe of the Lumpy Lovers {rC+ Stlth+}
 10237 | Gauntlet | Identified the +3 troll leather armour of Ignis,
                  | Disbelieving {rElec Regen+}
 10240 | Gauntlet | Identified the +4 rapier of Olont {vorpal, +Blink rElec
                  | Str+2 Int+8}
 10240 | Gauntlet | Identified the -2 helmet of Webur {rC+}
 10296 | Orc:2    | Found Ellar's Book Shoppe.
 10587 | Orc:2    | Found Xoip's Antique Armour Shop.
 10587 | Orc:2    | Found Gicituto's Antique Weapon Shoppe.
 10592 | Orc:2    | Bought a pair of smouldering gloves for 247 gold pieces
 10592 | Orc:2    | Identified the +1 pair of gloves "Wokhopnu" {Regen+} (You
                  | bought it in a shop on level 2 of the Orcish Mines)
 10717 | Orc:2    | Found Bexkaduf's Jewellery Shop.
 10717 | Orc:2    | Found Quikil's General Store.
 10727 | Orc:2    | Bought a potion of flight for 45 gold pieces
 10727 | Orc:2    | Bought a potion of curing for 45 gold pieces
 10820 | Orc:2    | Glimpsed the power of Zot.
 10835 | Elf:1    | Entered Level 1 of the Elven Halls
 10941 | Elf:1    | Noticed a deep elf sorcerer
 10951 | Abyss:3  | Cast into level 3 of the Abyss (a deep elf sorcerer)
 10971 | Elf:1    | Escaped the Abyss
 10975 | Elf:1    | Killed a deep elf sorcerer
 10976 | Elf:1    | Reached skill level 13 in Necromancy
 11019 | Elf:1    | Reached XP level 16. HP: 86/141 MP: 0/29
 11156 | Elf:1    | Received a gift from Kikubaaqudgha
 11160 | Elf:1    | Learned a level 2 spell: Sublimation of Blood
 11213 | Elf:1    | Paralysed by an air elemental for 1 turns
 11218 | Elf:1    | Paralysed by an air elemental for 1 turns
 11334 | Orc:1    | Glimpsed the power of Zot.
 11462 | D:13     | Found a runed translucent gate.
 11467 | D:13     | Found a runed translucent gate.
 11470 | D:13     | Found a runed translucent gate.
 11473 | D:13     | Noticed roguespy's ghost (journeyman DsHu)
 11484 | D:13     | Reached skill level 10 in Dodging
 11487 | D:13     | Killed roguespy's ghost
 11488 | D:13     | Reached skill level 1 in Ice Magic
 11804 | D:13     | You fall into a shaft and drop 1 floor!
 11830 | D:15     | Entered Level 15 of the Dungeon
 11840 | D:15     | Reached skill level 14 in Necromancy
 12379 | D:15     | Reached XP level 17. HP: 143/150 MP: 7/31
 12381 | D:15     | Found a staircase to the Depths.
 12548 | D:14     | Reached skill level 10 in Armour
 12589 | D:14     | Reached skill level 10 in Spellcasting
 12707 | D:14     | Found a gate to the Vaults.
 12731 | D:14     | Found an iron altar of Okawaru.
 13111 | Lair:2   | Glimpsed the power of Zot.
 13132 | Snake:1  | Entered Level 1 of the Snake Pit
 13369 | Snake:1  | Identified Roxanne's Anthology of Stones
 13369 | Snake:1  | Noticed Roxanne
 13374 | Snake:1  | Killed Roxanne
 13509 | Snake:1  | Reached skill level 5 in Ice Magic
 13634 | Snake:1  | Glimpsed the power of Zot.
 13942 | Snake:3  | Gained mutation: You passively map a large area around you.
                  | [Meteoran growth]
 13942 | Snake:3  | Reached XP level 18. HP: 123/160 MP: 19/34
 14055 | Snake:3  | Identified a scroll of acquirement
 14055 | Snake:3  | Acquired the ring "Vylitoiw" {Fly Str+3 Dex+4}
 14089 | Snake:3  | Found Dedait's Firing Range.
 14263 | Snake:4  | Entered Level 4 of the Snake Pit
 14283 | Snake:4  | Learned a level 6 spell: Simulacrum
 14431 | Snake:4  | Identified the amulet "Tauli" {Spirit rC+ Regen+}
 14616 | Snake:4  | Reached skill level 15 in Necromancy
 14708 | Snake:4  | Reached skill level 5 in Evocations
 14881 | Snake:4  | Reached XP level 19. HP: 128/169 MP: 4/36
 14939 | Snake:4  | Got a serpentine rune of Zot
 15163 | Snake:3  | Learned a level 1 spell: Apportation
 15323 | Snake:2  | Reached skill level 1 in Translocations
 15360 | Snake:2  | Reached skill level 15 in Fighting
 15441 | Snake:2  | Glimpsed the power of Zot.
 15491 | Snake:1  | Glimpsed the power of Zot.
 15537 | Lair:3   | Glimpsed the power of Zot.
 15547 | Lair:3   | Touched by the power of Zot.
 15556 | Shoals:1 | Entered Level 1 of the Shoals
 15600 | Shoals:1 | Noticed Kirke
 15603 | Shoals:1 | Killed Kirke
 15928 | Shoals:2 | Noticed Aizul
 15941 | Shoals:2 | Killed Aizul
 16178 | Shoals:2 | Reached skill level 16 in Necromancy
 16334 | Shoals:3 | Identified the +1 pair of boots of Reason {Will+ rCorr}
 16471 | Shoals:3 | Reached XP level 20. HP: 179/179 MP: 32/37
 16563 | Shoals:4 | Entered Level 4 of the Shoals
 16574 | Shoals:4 | Noticed Bai Suzhen
 16598 | Shoals:4 | Killed Bai Suzhen
 16611 | Shoals:4 | Noticed Ilsuiw
 16638 | Shoals:4 | Killed Ilsuiw
 16691 | Shoals:4 | Noticed Mara
 16698 | Shoals:4 | Noticed wingedge's illusion
 16711 | Shoals:4 | Killed Mara
 16723 | Shoals:4 | Noticed Polyphemus
 16730 | Shoals:4 | Killed Polyphemus
 16747 | Shoals:4 | Found Gaechiha's Antique Armour Shoppe.
 16755 | Shoals:4 | Bought a glowing helmet for 255 gold pieces
 16954 | Shoals:4 | Got a barnacled rune of Zot
 17252 | Lair:5   | Glimpsed the power of Zot.
 17263 | Slime:1  | Entered Level 1 of the Pits of Slime
 17551 | Slime:4  | Reached XP level 21. HP: 98/187 MP: 4/39
 17628 | Slime:4  | Reached skill level 10 in Ice Magic
 17684 | Slime:4  | Learned a level 8 spell: Infestation
 17694 | Slime:5  | Entered Level 5 of the Pits of Slime
 17737 | Slime:5  | Noticed the Royal Jelly
 17760 | Slime:5  | Reached skill level 17 in Necromancy
 17795 | Slime:5  | Killed the Royal Jelly
 17796 | Slime:5  | Reached skill level 10 in Maces & Flails
 17796 | Slime:5  | Reached skill level 15 in Shields
 17844 | Slime:5  | Identified the +1 war axe of Contention {venom, Will-
                  | Dex+8}
 17936 | Slime:5  | Got a slimy rune of Zot
 17937 | Slime:5  | Identified the +9 short sword of the Equinox {venom, rC+
                  | rN+}
 17962 | Slime:5  | Identified the +1 ring mail of Experimentation {rF+ Str+4}
 17969 | Slime:5  | Identified the +4 ring mail of the Heavens {-Tele rF+++
                  | MP-9 Int+4}
 17996 | Slime:5  | Identified the +1 trident of Okawaru's Respect {speed,
                  | rElec Int+4}
 18224 | Lair:5   | Glimpsed the power of Zot.
 18264 | Lair:3   | Glimpsed the power of Zot.
 18272 | Lair:2   | Touched by the power of Zot.
 18407 | Vaults:1 | Entered Level 1 of the Vaults
 18414 | Vaults:1 | You are sucked into a shaft and drop 1 floor!
 18689 | Vaults:2 | Reached XP level 22. HP: 176/176 MP: 27/41
 18700 | Vaults:2 | Identified the +0 robe of the Catfish {rElec Will+ Stlth+}
 19000 | Vaults:2 | Found a staircase to the Crypt.
 19213 | Vaults:3 | Found Seeviogh's Antique Weapon Emporium.
 20040 | Vaults:4 | Reached skill level 15 in Spellcasting
 20044 | Vaults:4 | Noticed a dread lich
 20060 | Vaults:4 | Killed a dread lich
 20061 | Vaults:4 | Reached XP level 23. HP: 126/204 MP: 30/43
 20400 | Vaults:5 | Entered Level 5 of the Vaults
 20413 | Vaults:5 | Reached skill level 10 in Conjurations
 20421 | Vaults:5 | Noticed a golden dragon
 20423 | Vaults:5 | Reached skill level 18 in Necromancy
 20431 | Vaults:5 | Killed a golden dragon
 20447 | Vaults:5 | Noticed a golden dragon
 20463 | Vaults:5 | Killed a golden dragon
 20479 | Vaults:5 | Reached skill level 15 in Earth Magic
 20713 | Vaults:5 | Found Roynteiz's Antique Weapon Boutique.
 20816 | Vaults:5 | Learned a level 6 spell: Iron Shot
 20831 | Vaults:5 | Reached XP level 24. HP: 214/214 MP: 34/43
 20924 | Vaults:5 | Learned a level 4 spell: Passage of Golubria
 20932 | Vaults:5 | Got a silver rune of Zot
 20936 | Vaults:5 | Found Omimost's Book Emporium.
 20968 | Vaults:5 | Found Otiah's Antique Armour Shoppe.
 20968 | Vaults:5 | Found Mamawit's Magic Scroll Boutique.
 20982 | Vaults:5 | Bought a scroll of acquirement for 624 gold pieces
 20982 | Vaults:5 | Bought a scroll of acquirement for 624 gold pieces
 20982 | Vaults:5 | Acquired 958 gold pieces
 20983 | Vaults:5 | Acquired the +0 pair of gloves of Casoma {rF++ rC+ rCorr
                  | SInv}
 21020 | Vaults:5 | Bought a pair of glowing boots for 270 gold pieces
 21024 | Vaults:5 | Found Dojisiotz's Distillery.
 21028 | Vaults:5 | Bought a potion of heal wounds for 90 gold pieces
 21096 | Vaults:5 | Found Ebligautz's Distillery.
 21119 | Vaults:5 | Found Num Dai's Magic Scroll Boutique.
 21120 | Vaults:5 | Bought a potion of curing for 48 gold pieces
 21120 | Vaults:5 | Bought a potion of curing for 48 gold pieces
 21140 | Vaults:5 | Found Hadghe's Distillery.
 21145 | Vaults:5 | Bought a potion of heal wounds for 120 gold pieces
 21145 | Vaults:5 | Bought a potion of resistance for 240 gold pieces
 21166 | Vaults:5 | Bought a scroll of magic mapping for 127 gold pieces
 21166 | Vaults:5 | Bought a scroll of enchant armour for 127 gold pieces
 21166 | Vaults:5 | Bought a scroll of enchant armour for 127 gold pieces
 21166 | Vaults:5 | Bought a scroll of magic mapping for 127 gold pieces
 21358 | Vaults:1 | Glimpsed the power of Zot.
 21368 | Vaults:1 | Identified the +2 leather armour of Ashenzari's Scorn
                  | {rElec rC+ Str+2}
 21408 | Vaults:1 | Glimpsed the power of Zot.
 21450 | Vaults:1 | Glimpsed the power of Zot.
 21460 | Vaults:1 | Touched by the power of Zot.
 21556 | Vaults:1 | Noticed Saint Roka
 21560 | Vaults:1 | Killed Saint Roka
 21561 | Vaults:1 | Reached skill level 5 in Translocations
 21563 | Vaults:1 | Glimpsed the power of Zot.
 21610 | Vaults:1 | Found a portal to a secret trove of treasure.
 21614 | Vaults:1 | Glimpsed the power of Zot.
 21799 | Elf:1    | Glimpsed the power of Zot.
 21856 | Elf:1    | Glimpsed the power of Zot.
 21895 | Elf:2    | Noticed Louise
 21918 | Elf:2    | Killed Louise
 21925 | Elf:2    | Reached XP level 25. HP: 210/220 MP: 8/44
 21931 | Elf:2    | Found a runed translucent gate.
 21931 | Elf:2    | Found a runed translucent gate.
 22045 | Elf:2    | Found a runed translucent gate.
 22171 | Elf:2    | Paralysed by an air elemental for 1 turns
 22175 | Elf:2    | Paralysed by an air elemental for 1 turns
 22249 | Elf:3    | Entered Level 3 of the Elven Halls
 22490 | Elf:3    | Reached skill level 1 in Transmutations
 22796 | Elf:3    | Identified the +5 chain mail of the Gate {Harm Will+}
 22827 | Elf:3    | Identified the +2 dagger of True Grit {vamp, rCorr}
 22863 | Elf:3    | Reached skill level 19 in Necromancy
 22875 | Elf:3    | Identified the +2 helmet "Bupluergh" {rN+}
 22968 | Elf:3    | Identified the +2 long sword "Tota Cug" {elec, rPois rC+
                  | Dex+2}
 22969 | Elf:3    | Identified the amulet "Akhlyluyr" {rElec Regen+ Int+3
                  | Dex+2}
 23029 | Elf:3    | Glimpsed the power of Zot.
 23079 | Elf:1    | Glimpsed the power of Zot.
 23213 | D:12     | Identified the +7 mace of Irupsac {antimagic, rElec rCorr
                  | SInv}
 23217 | D:12     | Identified the +8 mace "Javvosm" {freeze, *Rage rC+ rN+}
 23334 | Depths:1 | Entered Level 1 of the Depths
 23514 | Depths:1 | Gained mutation: Armour fits poorly on your strangely
                  | shaped body. [a shining eye]
 23528 | Depths:1 | Found a gateway to Hell.
 23538 | Depths:1 | Reached XP level 26. HP: 226/233 MP: 32/45
 23557 | Hell     | Entered the Vestibule of Hell
 23557 | Hell     | Noticed Geryon
 23569 | Hell     | Killed Geryon
 23578 | Hell     | Reached skill level 5 in Transmutations
 23595 | Hell     | Reached skill level 15 in Maces & Flails
 23598 | Hell     | Noticed Murray
 23618 | Hell     | Killed Murray
 23669 | Hell     | Found a gateway to the freezing wastes of Cocytus.
 23772 | Depths:1 | Acquired the ring of the Riding Gods {rPois rF++ rN+ Str+2
                  | Int-3}
 23927 | Depths:2 | Identified the +8 plate armour of Death's Door {Str+2}
 23977 | Depths:2 | Found Ishuseh's Magic Scroll Shoppe.
 23991 | Depths:2 | Bought a scroll of blinking for 112 gold pieces
 24081 | Depths:2 | Found a one-way gate leading to the halls of Pandemonium.
 24273 | Depths:2 | Reached skill level 20 in Necromancy
 24383 | Depths:3 | Found a one-way gate to the infinite horrors of the Abyss.
 24407 | Depths:3 | Found a flickering gateway to a bazaar.
 24474 | Bazaar   | Entered a bazaar
 24477 | Bazaar   | Found Ziqiaxigg's Magic Scroll Shop.
 24490 | Bazaar   | Found Ajosaut's Assorted Antiques.
 24512 | Bazaar   | Found Wimpo's Jewellery Shop.
 24528 | Bazaar   | Found Deqoticy's Armour Shop.
 24549 | Bazaar   | Bought a scroll of acquirement for 572 gold pieces
 24549 | Bazaar   | Bought a scroll of blinking for 82 gold pieces
 24549 | Bazaar   | Acquired the +0 pair of fencer's gloves {Riposte Dex+3}
 24549 | Bazaar   | Found the +0 pair of fencer's gloves {Riposte Dex+3}
 24575 | Bazaar   | Bought the ring of Posuhi {Fly rPois rF+ rC+ Slay-3} for
                  | 391 gold pieces
 24655 | Depths:3 | Learned a level 8 spell: Necromutation
 24656 | Depths:3 | Voluntarily entered the Abyss.
 24656 | Abyss:3  | Found a corrupted altar of Lugonu.
 24784 | Abyss:4  | Reached XP level 27. HP: 184/244 MP: 8/45
 24817 | Abyss:4  | Got an abyssal rune of Zot
 24939 | Depths:3 | Escaped the Abyss
 24997 | Depths:3 | Reached skill level 10 in Transmutations
 25122 | Depths:3 | Identified the +7 ring mail of Tomorrow {Slay+3}
 25199 | Depths:3 | Got the Dissertation on Atmospheric Changing
 25369 | Depths:3 | Identified the +5 war axe of Overwhelming Force {flame,
                  | rC+}
 25458 | Depths:4 | Entered Level 4 of the Depths
 25503 | Depths:4 | Reached skill level 21 in Necromancy
 25511 | Depths:4 | Noticed a dread lich
 25511 | Depths:4 | Noticed an ancient lich
 25512 | Depths:4 | Found a one-way gateway to a ziggurat.
 25522 | Depths:4 | Killed an ancient lich
 25528 | Depths:4 | Killed a dread lich
 25543 | Zig:1    | Entered Level 1 of a ziggurat
 25567 | Zig:2    | Entered Level 2 of a ziggurat
 25581 | Zig:2    | Identified the ring "Ipais" {Will+ Dex+6 SInv}
 25609 | Zig:3    | Entered Level 3 of a ziggurat
 25612 | Zig:3    | Gained mutation: You are frail. (-10% HP) [a neqoxec]
 25645 | Zig:3    | Lost mutation: Armour fits poorly on your strangely shaped
                  | body. [potion of mutation]
 25645 | Zig:3    | Lost mutation: You are frail. (-10% HP) [potion of
                  | mutation]
 25645 | Zig:3    | Gained mutation: You are partially covered in large bone
                  | plates. (SH +4) [potion of mutation]
 25645 | Zig:3    | Gained mutation: You have an increased reservoir of magic.
                  | (+10% MP) [potion of mutation]
 25680 | Zig:3    | Gained mutation: You are clumsy. (Dex -2) [mutagenic glow]
 25700 | Zig:3    | Gained mutation: You are dopey. (Int -2) [mutagenic glow]
 25701 | Zig:3    | Lost mutation: You are partially covered in large bone
                  | plates. (SH +4) [potion of mutation]
 25701 | Zig:3    | Lost mutation: You are dopey. (Int -2) [potion of mutation]
 25701 | Zig:3    | Lost mutation: You are clumsy. (Dex -2) [potion of
                  | mutation]
 25701 | Zig:3    | Gained mutation: Your mind is acute. (Int +4, Str/Dex -1)
                  | [potion of mutation]
 25701 | Zig:3    | Gained mutation: You expend magic power (3 MP) to
                  | strengthen your wands. [potion of mutation]
 25701 | Zig:3    | Gained mutation: You occasionally lose the ability to drink
                  | potions when taking damage. [potion of mutation]
 25704 | Zig:4    | Entered Level 4 of a ziggurat
 25749 | Zig:4    | Identified the +8 glaive "Emmo Fai" {flame, rF+ Dex+3}
 25797 | Zig:5    | Entered Level 5 of a ziggurat
 25803 | Zig:5    | Noticed a juggernaut
 25822 | Zig:5    | Killed a juggernaut
 25836 | Zig:5    | Got the Exposition on Poisoning and Gusts
 25856 | Zig:6    | Entered Level 6 of a ziggurat
 25902 | Zig:7    | Entered Level 7 of a ziggurat
 25905 | Zig:7    | Noticed a juggernaut
 25918 | Zig:7    | Killed a juggernaut
 25931 | Zig:7    | Identified the +4 trident "Death Rattle" {vorpal, Dex+4}
 25944 | Zig:8    | Entered Level 8 of a ziggurat
 25968 | Zig:8    | Reached skill level 15 in Transmutations
 26007 | Zig:8    | Identified the +9 morningstar of Heruihee {drain, rCorr
                  | Int-3 Dex+7}
 26016 | Zig:8    | Identified the +5 scale mail of Unreason {rC+ Regen+}
 26118 | Zig:9    | Entered Level 9 of a ziggurat
 26170 | Zig:9    | Identified the +9 spear of the Thing {vorpal, rCorr}
 26175 | Zig:9    | Identified the amulet "Taism" {Acrobat Regen+ Stlth+}
 26205 | Zig:10   | Entered Level 10 of a ziggurat
 26214 | Zig:10   | Noticed an ancient lich
 26246 | Zig:10   | Killed an ancient lich
 26354 | Zig:10   | Identified the +2 robe "Vowoth" {+Blink Dex+3 Stlth-}
 26381 | Zig:11   | Entered Level 11 of a ziggurat
 26443 | Zig:11   | Identified the +5 war axe "Xics" {vorpal, rElec SInv
                  | Stlth+}
 26447 | Zig:11   | Identified the +8 mace of Purpose {flame, Str+7}
 26464 | Zig:12   | Entered Level 12 of a ziggurat
 26511 | Zig:12   | Identified the ring "Biumpug" {rPois rN+ Dex+4 Slay+2}
 26584 | Zig:13   | Entered Level 13 of a ziggurat
 26614 | Zig:13   | Reached skill level 15 in Dodging
 26615 | Zig:13   | Reached skill level 15 in Armour
 26659 | Zig:13   | Identified the +6 morningstar of Ashenzari's Hope {vorpal,
                  | rF- Int+6 Dex+4}
 26668 | Zig:13   | Identified the +2 robe "Gonyhed" {+Inv Will+++ Regen+
                  | Dex-5}
 26673 | Zig:13   | Identified the ring of Zuther {rC+ Will+ Str+4 Dex+5}
 26723 | Zig:14   | Entered Level 14 of a ziggurat
 26734 | Zig:14   | Noticed a juggernaut
 26737 | Zig:14   | Noticed a juggernaut
 26739 | Zig:14   | Noticed a juggernaut
 26745 | Zig:14   | Killed a juggernaut
 26748 | Zig:14   | Killed a juggernaut
 26758 | Zig:14   | Killed a juggernaut
 26766 | Zig:14   | Identified the +4 great sword "Ogroon" {holy, Str+3}
 26812 | Zig:15   | Entered Level 15 of a ziggurat
 26826 | Zig:15   | Noticed Ahuegoomm the pandemonium lord
 26839 | Zig:15   | Blown up by Ahuegoomm the pandemonium lord

Illustrated notes

Levels and vault maps discovered:
D:1:      ldierk_walled_garden, layout_basic, ebering_ecumenical_altar_abandoned
D:2:      layout_basic, dk_vineyard_2
D:3:      layout_basic, general_overflow_altar, serial_bayou_crossing,
          uniq_natasha
D:4:      layout_gridville, serial_shops, nicolae_shop_bloodbath_and_beyond
D:5:      layout_loops_ring, kiku_gazebo_garden_becter, grunt_decor_resistance
D:6:      layout_gridville, nicolae_overflow_quartered_altars,
          minmay_temple_entry_grid, minmay_misc_feat_enclosed,
          grunt_decor_fettered
D:7:      layout_cave_pools, zin_purify
D:8:      layout_layer_cave, nicolae_shop_fire_sale [nicolae_sub_dead_trees]
D:9:      layout_basic, gammafunk_temple_overflow_elements, lair_entry_dummy
D:10:     layout_irregular_city, kennysheep_mini_moat,
          mainiacjoe_overflow_brackets, zombieorc1_lemuel, uniq_amaemon,
          uniq_harold
D:11:     layout_roguey
D:12:     layout_loops_ring, minmay_crystal_box
D:13:     layout_basic, maelrawn_ghost_gauntlet_escape
D:14:     layout_long_grid, david_vaults_1, hangedman_decor_slide_cut,
          okawaru_gym_becter
D:15:     grunt_enter_depths_hoard, layout_layer_cave, palyth_stone_intersect
Temple:   jpeg_temple_clearing
Lair:1:   layout_regular_city, uniq_urug
Lair:2:   layout_layer_cave, minmay_snake_entry_six_corridors
Lair:3:   layout_misc_corridors, minmay_shoals_entry_centaurs,
          gammafunk_ghost_ooze, roderic_batcave
Lair:4:   beast_lair_carwin_large_2, layout_cave_pods,
          chequers_serial_rivers_room_b
Lair:5:   hellmonk_lair_end_abyssal_woods, layout_small_grid,
          dpeg_slime_entry_corner, lemuel_fruit_fields
Shoals:1: layout_shoals, uniq_kirke
Shoals:2: layout_shoals, uniq_aizul
Shoals:3: layout_shoals
Shoals:4: shoals_end_hangedman, layout_shoals, shoals_ilsuiw_alternative,
          serial_shops, nicolae_shop_trees, uniq_polyphemus, uniq_bai_suzhen,
          uniq_mara
Snake:1:  layout_basic, nicolae_snake_slithery_hallway, uniq_roxanne
Snake:2:  layout_rooms
Snake:3:  layout_grid_maze, nicolae_shop_firing_range
Snake:4:  snake_pit, layout_grid_shapes, nicolae_triple_integral
Slime:1:  layout_caves
Slime:2:  layout_caves
Slime:3:  layout_caves
Slime:4:  layout_caves
Slime:5
Orc:1:    nicolae_orc_accident_1, layout_caves, serial_shops,
          nicolae_shop_advertising_works [nicolae_subvault_shop_adworks], shop,
          basic_altar, lightli_church_of_beogh
Orc:2:    st_orc_town, layout_caves, serial_shops, shop, gauntlet_entry_generic
Elf:1:    minmay_elf_arrival_summoners, layout_geoelf_grid,
          hangedman_elf_represent, grunt_megastairs_5
Elf:2:    nicolae_elf_blades_splatter_lattice [nicolae_blade_tridents],
          layout_geoelf_grid, uniq_louise
Elf:3:    grunt_elf_hall_branching, layout_geoelf_castle, st_stairs_1
Vaults:1: nicolae_vaults_little_squares_4, ontoclasm_vaults_ring_square,
          vaults_standard_mumra_x, st_cells, vaults_dpeg_hooks,
          hangedman_vaults_slice, v_alt_pattern_2, v_misc_16,
          hangedman_vaults_nodes, hangedman_vaults_cutoff,
          vaults_mumra_minichess_inversion, layout_vaults_omnibox,
          nicolae_trove_entry_path_of_doom, uniq_saint_roka
Vaults:2: minmay_crypt_entry_nasty_monster, vaults_dpeg_diagonal,
          hangedman_vaults_stream, vaults_room_door_hall, vaults_room_fours,
          vaults_room_corners, layout_vaults_omnigrid
Vaults:3: hangedman_vaults_slice, st_lattice, nicolae_vaults_sealed_display,
          v_misc_28, vaults_mumra_chevron, grunt_vaults_trifunnel, v_misc_8,
          v_rooms_3, ontoclasm_vaults_misaligned, v_alt_pattern_6,
          vaults_dpeg_doors, vaults_dpeg_ring, nicolae_vaults_specimen_jars,
          vaults_dpeg_emergency_exit, layout_vaults_big_cross, serial_shops,
          nicolae_square_shop
Vaults:4: vaults_room_guarded_vault, vaults_dpeg_cross,
          ontoclasm_vaults_decontamination, grunt_vaults_funnel,
          vaults_room_octagon, vaults_room_large_hall, v_misc_19,
          hangedman_vaults_hat, nicolae_vaults_network_quinsquares
          [nicolae_vaults_network_quincunx_subvault,
          nicolae_vaults_network_quincunx_subvault,
          nicolae_vaults_network_quincunx_subvault,
          nicolae_vaults_network_quincunx_subvault], ontoclasm_vaults_spin,
          ontoclasm_vaults_twist, grunt_vaults_focal,
          nicolae_vaults_yaktaur_gun_rack, nicolae_vaults_gold_heap,
          layout_vaults_chaotic_city
Vaults:5
Depths:1: layout_twisted_cross, nicolae_hell_entry_hellmouth_sunbeams,
          grunt_decor_arrowhead, dreamdust_wasp_nest
Depths:2: hellmonk_destroyed_diamonds, layout_cave_pools,
          pf_hell_entry_tar_river, rand_demon_pan_entry_4, serial_shops,
          nicolae_shop_crystal, drop_trap, minmay_misc_feat_roman,
          serial_bayou_shore_a
Depths:3: minmay_the_grid_octo_2x2 [minmay_the_grid_octo_concentric,
          minmay_the_grid_octo_toaster, minmay_the_grid_octo_tetromino_candy,
          minmay_the_grid_octo_prize_star], layout_gridville,
          hangedman_abyss_entry_splay, hell_entry, serial_shops, bzr_entry_islet
Depths:4: evilmike_zot_entry_basic, layout_gridville, enter_ziggurat_d,
          rand_demon_pan_entry_9, corexii_corridor_pit, hell_entry
Hell
Zig:15

Skill      XL: |  1  2  3  4  5  6  7  8  9 10 11 12 13 14 15 16 17 18 19 20 21 22 23 24 25 26 27 |
---------------+----------------------------------------------------------------------------------+-----
Staves         | 4 |  4.0
Fighting       | 3 4 5 6 8 9 10 11 12 13 14 15 16 17 18 19 20 | 20.4
Spellcasting   | 1 2 3 4 5 7 8 9 11 12 13 14 15 16 17 | 17.0
Armour         | 2 3 5 6 7 8 9 10 12 13 14 15 | 15.9
Polearms       | 1 4 |  4.9
Necromancy     | 1 2 4 5 7 8 10 11 13 14 15 16 17 18 19 20 21 | 21.3
Short Blades   | 1 5 |  5.0
Shields        | 1 2 7 8 9 10 11 12 13 14 15 16 17 | 17.0
Earth Magic    | 3 5 8 12 13 14 15 | 15.1
Maces & Flails | 3 5 6 8 9 10 11 12 13 14 15 | 15.7
Conjurations   | 1 4 6 7 8 9 10 11 12 | 12.0
Dodging        | 6 8 9 10 11 12 13 14 15 | 15.9
Ice Magic      | 3 5 7 8 9 11 | 11.0
Evocations     | 3 5 |  5.0
Translocations | 4 5 6 7 |  7.0
Transmutations | 4 9 18 | 18.0
Unarmed Combat | |  2.4
Invocations    | |  1.2

Action                   |  1- 3 |  4- 6 |  7- 9 | 10-12 | 13-15 | 16-18 | 19-21 | 22-24 | 25-27 || total
-------------------------+-------+-------+-------+-------+-------+-------+-------+-------+-------++-------
Melee: Quarterstaff      |    74 |    42 |       |       |       |       |       |       |       ||   116
       Spear             |       |   143 |    11 |       |       |       |       |       |       ||   154
       Dagger            |       |       |   166 |   255 |       |       |       |       |       ||   421
       Morningstar       |       |       |       |   171 |   634 |   107 |   144 |   163 |    38 ||  1257
       Flail             |       |       |       |     1 |    29 |    23 |    14 |       |       ||    67
       Staff             |       |       |       |       |     3 |       |       |       |       ||     3
       Rapier            |       |       |       |       |    11 |    31 |    17 |     3 |     7 ||    69
       War axe           |       |       |       |       |     1 |     5 |    19 |       |       ||    25
       Eveningstar       |       |       |       |       |       |       |       |       |   320 ||   320
Throw: Throwing net      |       |       |     1 |     2 |       |       |       |       |       ||     3
       Dart              |       |       |     1 |       |       |       |       |       |       ||     1
       Javelin           |       |       |       |     8 |       |       |       |       |       ||     8
 Cast: Necrotise         |       |       |    10 |    14 |     1 |       |       |       |       ||    25
       Vampiric Draining |       |       |       |    28 |    26 |    20 |    26 |       |       ||   100
       Animate Dead      |       |       |       |     8 |    17 |    10 |    12 |     1 |     4 ||    52
       Dispel Undead     |       |       |       |     5 |     5 |     8 |       |    10 |     8 ||    36
       Stone Arrow       |       |       |       |     1 |    35 |    21 |    45 |       |       ||   102
       Borgnjor's Vile C |       |       |       |       |    67 |   125 |   101 |    94 |   122 ||   509
       Lee's Rapid Decon |       |       |       |       |    21 |    62 |   101 |    98 |   106 ||   388
       Death Channel     |       |       |       |       |    10 |    23 |    32 |    20 |    35 ||   120
       Sublimation of Bl |       |       |       |       |       |    40 |    51 |    64 |   109 ||   264
       Simulacrum        |       |       |       |       |       |       |    80 |    63 |    55 ||   198
       Apportation       |       |       |       |       |       |       |    27 |    91 |    53 ||   171
       Infestation       |       |       |       |       |       |       |       |    11 |    56 ||    67
       Iron Shot         |       |       |       |       |       |       |       |    34 |   114 ||   148
       Passage of Golubr |       |       |       |       |       |       |       |       |    23 ||    23
       Necromutation     |       |       |       |       |       |       |       |       |     5 ||     5
Invok: Unearth Wretches  |       |       |       |       |     1 |       |       |       |     1 ||     2
       Receive Forbidden |       |       |       |       |       |     1 |       |       |       ||     1
 Abil: Evoke Blink       |       |       |       |       |       |     1 |       |       |     1 ||     2
       End Transformatio |       |       |       |       |       |       |       |       |     4 ||     4
Evoke: Wand              |       |     1 |       |     5 |       |       |       |       |     1 ||     7
       Tin of tremorston |       |       |       |       |       |     1 |       |       |       ||     1
       Condenser vane    |       |       |       |       |       |       |     1 |       |     2 ||     3
       Phantom mirror    |       |       |       |       |       |       |     1 |       |     1 ||     2
       Box of beasts     |       |       |       |       |       |       |     1 |       |       ||     1
  Use: Scroll            |       |     1 |    11 |    18 |     6 |     8 |    16 |     8 |    18 ||    86
       Potion            |       |       |     5 |     3 |     1 |     3 |     4 |     2 |    13 ||    31
 Stab: Distracted        |       |       |       |     1 |    16 |     3 |     2 |     5 |    18 ||    45
       Paralysed         |       |       |       |       |     2 |       |       |       |     1 ||     3
Armor: Leather armour    |    19 |       |       |       |       |       |       |       |       ||    19
       Ring mail         |    12 |    57 |    62 |    18 |   183 |    16 |       |       |       ||   348
       Steam dragon scal |       |       |       |    37 |       |       |       |       |       ||    37
       Troll leather arm |       |       |       |    55 |    10 |    79 |    85 |    41 |    82 ||   352
       Scale mail        |       |       |       |       |       |       |       |       |    55 ||    55
Dodge: Dodged            |    29 |    52 |    63 |   229 |   364 |   108 |   213 |   144 |   293 ||  1495
       Repelled          |       |       |       |       |       |       |       |       |     9 ||     9
Block: Kite shield       |       |    32 |    77 |   333 |   737 |   182 |       |       |       ||  1361
       Reflection        |       |       |       |       |    15 |    94 |    47 |       |       ||   156
       Tower shield      |       |       |       |       |       |   211 |   655 |   408 |   821 ||  2095
       Rpst.: Eveningstar |       |       |       |       |       |       |       |       |     7 ||     7
       Rapier            |       |       |       |       |       |       |       |       |     5 ||     5
